Map: Thunderbird LE

Players

pHARM - Winner!

  • Race: Zerg Zerg
  • League: Platinum
  • Spawn Location: 5:00

Tuki

  • Race: Zerg Zerg
  • League: Diamond
  • Spawn Location: 11:00

VOD

Have the link to the VOD?

Description

Time

  • Played on: Aug. 5, 2019, 12:20 a.m.
  • Length: 8:03
Show
View Real Time Build Order
Export as new Build Order

pHARM Zerg - Winner!

Build Orders: Hatch First 

Get SALT Encoding   

  12  0:01  Drone  
  13  0:12  Overlord  
  13  0:19  Drone  
  14  0:32  Drone x2  
  16  0:38  Drone  
  17  0:47  Drone  
  18  1:00  Drone  
  19  1:04  Hatchery  
  18  1:15  Spawning Pool  
  18  1:16  Drone  
  18  1:22  Drone  
  19  1:30  Drone  
  20  1:41  Drone  
  20  1:42  Extractor  
  20  2:00  Overlord  
  20  2:11  Queen  
  22  2:16  Drone x2  
  22  2:18  Overlord  
  22  2:19  Queen  
  26  2:30  Spine Crawler  
  26  2:33  Drone x3  
  28  2:54  Queen  
  30  3:06  Baneling Nest  
  30  3:10  Evolution Chamber  
  28  3:19  Drone x6, Roach Warren  
  33  3:30  Zergling x2  
  33  3:31  Zergling x10  
  37  3:43  Zergling x4  
  39  3:52  Zergling x2  
  37  4:06  Baneling x3  
  37  4:07  Drone x4  
  37  4:08  Queen  
  43  4:11  Zerg Missile Weapons Level 1  
  43  4:19  Overlord  
  43  4:20  Overlord  
  43  4:41  Lair  
  43  4:48  Drone x5  
  48  5:04  Drone x5, Extractor x2  
  48  5:05  Drone  
  52  5:21  Pneumatized Carapace  
  52  5:29  Drone x2  
  52  5:31  Roach x2  
  58  5:35  Overlord x2  
  58  5:40  Glial Reconstitution  
  58  5:54  Roach x6  
  70  6:18  Hatchery  
  69  6:37  Overlord x3  
  69  6:39  Roach x3  
  75  6:40  Overlord x3  
  75  6:57  Roach x5  
  85  7:14  Extractor  
  84  7:28  Drone  
  84  7:29  Drone x6  
  91  7:31  Drone  
  87  7:50  Drone  
  87  7:51  Drone x4  
Show
View Real Time Build Order
Export as new Build Order

Tuki Zerg 

Build Orders: Pool First 

Get SALT Encoding   

  12  0:01  Drone  
  13  0:08  Drone  
  14  0:26  Spawning Pool  
  13  0:31  Extractor  
  13  0:32  Drone  
  13  0:35  Drone  
  14  0:45  Overlord  
  14  1:04  Drone x2  
  16  1:05  Drone  
  17  1:13  Queen  
  19  1:23  Overlord  
  19  1:29  Drone  
  20  1:33  Metabolic Boost  
  21  1:40  Zergling x2  
  21  1:49  Zergling x2  
  22  1:59  Zergling x2  
  23  2:10  Hatchery  
  23  2:12  Zergling x2  
  23  2:23  Zergling x8  
  27  2:41  Overlord  
  27  2:49  Zergling x2  
  28  3:02  Zergling x6  
  31  3:13  Zergling x2  
  32  3:24  Zergling x4  
  29  3:43  Zergling x10  
  27  4:06  Drone x5  
  31  4:20  Drone  
  32  4:31  Lair, Hatchery, Extractor  
  31  4:33  Drone x2  
  32  4:38  Drone  
  32  4:39  Drone x2  
  32  4:41  Extractor  
  32  4:42  Extractor  
  32  4:43  Queen  
  35  4:53  Drone x2  
  37  5:02  Drone x3  
  40  5:13  Drone x2, Roach Warren  
  40  5:14  Drone x2  
  43  5:24  Overlord x2  
  43  5:42  Queen  
  45  5:47  Evolution Chamber  
  45  5:48  Drone x4  
  45  5:49  Evolution Chamber  
  47  5:56  Drone  
  47  5:57  Drone x4  
  50  5:59  Queen  
  54  6:08  Glial Reconstitution  
  54  6:15  Drone  
  55  6:27  Overseer  
  55  6:59  Pneumatized Carapace  
  55  7:15  Roach x3  
  61  7:16  Roach x2  
  61  7:21  Overlord x6  
  61  7:22  Overlord x4  
Tags
 
Matchup
ZvZ
Race
Zerg
Replay Pack
10.7.19
Spawn Locations
Cross Positions
Add a new tag
Caveats
  • Supply blocks, unpowered buildings, or Contaminate may cause inaccurate times.
  • Supply counts are checked every 10 seconds.